[Event "Marmaris Karya IM 2018"]
[Site "Marmaris"]
[Date "2018.06.29"]
[Round "9.1"]
[White "Darban, Morteza"]
[Black "Can, Isik"]
[Result "1/2-1/2"]
[ECO "C68"]
[WhiteElo "2312"]
[BlackElo "2396"]
[Annotator "NA"]
[PlyCount "28"]
[EventDate "2018.06.25"]
[EventCountry "TUR"]
[SourceTitle "playchess.com"]
[Source "ChessBase"]
[SourceQuality "1"]
[TimeControl "5400+30"]

1. e4 e5 2. Nf3 Nc6 3. Bb5 a6 4. Bxc6 dxc6 5. O-O Bg4 6. h3 h5 7. c3 ({But not} 7. hxg4 hxg4 8. g3 gxf3 $17) 7... Qd3 8. hxg4 hxg4 9. Nxe5 Bd6 $1 10. Nxd3 Bh2+ {[%emt 0:00:00] LiveBook: 353 Games} 11. Kh1 Bg3+ 12. Kg1 Bh2+ 13. Kh1 Be5+ 14. Kg1 Bh2+ $11 1/2-1/2

[Event "Marmaris Karya IM 2018"]
[Site "Marmaris"]
[Date "2018.06.29"]
[Round "9.3"]
[White "Benidze, Davit"]
[Black "Tanriverdi, Enes"]
[Result "1/2-1/2"]
[ECO "C68"]
[WhiteElo "2487"]
[BlackElo "2281"]
[Annotator "ChessBase"]
[PlyCount "27"]
[EventDate "2018.06.25"]
[EventCountry "TUR"]
[SourceTitle "playchess.com"]
[Source "ChessBase"]
[SourceQuality "1"]
[TimeControl "5400+30"]

1. e4 e5 2. Nf3 Nc6 3. Bb5 a6 4. Bxc6 dxc6 5. O-O Bg4 6. c3 Qd3 7. h3 h5 8. hxg4 hxg4 9. Nxe5 Bd6 10. Nxd3 Bh2+ 11. Kh1 Bd6+ 12. Kg1 Bh2+ 13. Kh1 Bd6+ 14. Kg1 1/2-1/2

[Event "Marmaris Karya IM 2018"]
[Site "Marmaris"]
[Date "2018.06.30"]
[Round "9.3"]
[White "Tanriverdi, Enes"]
[Black "Korneev, Oleg"]
[Result "0-1"]
[ECO "D10"]
[WhiteElo "2281"]
[BlackElo "2517"]
[Annotator "ChessBase"]
[PlyCount "52"]
[EventDate "2018.06.25"]
[EventCountry "TUR"]
[SourceTitle "playchess.com"]
[Source "ChessBase"]
[SourceQuality "1"]
[TimeControl "5400+30"]

1. d4 d5 2. c4 c6 3. e3 Bf5 4. cxd5 cxd5 5. Qb3 Qc7 6. Nc3 e6 7. e4 Bxe4 8. Bf4 Qb6 9. Nb5 Na6 10. f3 Bb4+ 11. Kd1 Nf6 12. fxe4 Nxe4 13. Nh3 O-O 14. Bd3 Rac8 15. a4 Ba5 16. Ke2 Nb4 17. Rac1 a6 18. Bxe4 dxe4 19. Bc7 Rxc7 20. Nxc7 Qd6 21. Qg3 Qxd4 22. Qc3 Qd6 23. Qg3 e5 24. Qb3 Nc6 25. Qxb7 Qd2+ 26. Kf1 Qxc1+ 0-1

[Event "Marmaris Karya IM 2018"]
[Site "Marmaris"]
[Date "2018.06.30"]
[Round "9.4"]
[White "Arda, Cagil Irmak"]
[Black "Benidze, Davit"]
[Result "0-1"]
[ECO "B08"]
[WhiteElo "2257"]
[BlackElo "2487"]
[Annotator "ChessBase"]
[PlyCount "112"]
[EventDate "2018.06.25"]
[EventCountry "TUR"]
[SourceTitle "playchess.com"]
[Source "ChessBase"]
[SourceQuality "1"]
[TimeControl "5400+30"]

1. e4 c6 2. d4 g6 3. Nc3 Bg7 4. h3 d6 5. Nf3 Nf6 6. Be3 O-O 7. Qd2 Nbd7 8. e5 dxe5 9. dxe5 Nd5 10. Nxd5 cxd5 11. Bh6 Qc7 12. Bxg7 Kxg7 13. Qxd5 Qxc2 14. Qd2 Qxd2+ 15. Kxd2 Rd8 16. Ke3 Nb6 17. Kf4 Be6 18. Be2 Rac8 19. Rhd1 Rxd1 20. Bxd1 Rc4+ 21. Kg3 Rc5 22. Bb3 Bxb3 23. axb3 a5 24. Rd1 Rb5 25. Rd3 e6 26. Rc3 Nd5 27. Rd3 Rc5 28. Nd2 Nb4 29. Re3 b5 30. Nf3 Rd5 31. Re4 Nc6 32. Re2 h6 33. h4 Kf8 34. Kf4 Nb4 35. Ke4 Nd3 36. Rd2 Nc5+ 37. Ke3 Nxb3 38. Rxd5 exd5 39. Nd4 Nxd4 40. Kxd4 b4 41. Kxd5 a4 42. Kc4 a3 43. bxa3 bxa3 44. Kb3 Ke7 45. Kxa3 Ke6 46. Kb4 Kxe5 47. Kc5 f5 48. h5 gxh5 49. Kc4 Ke4 50. Kc3 h4 51. Kd2 h3 52. gxh3 Kf3 53. Ke1 Kg2 54. Ke2 f4 55. f3 Kxh3 56. Kf2 Kh2 0-1

[Event "Marmaris Karya IM 2018"]
[Site "Marmaris"]
[Date "2018.06.30"]
[Round "9.5"]
[White "Unat, Can Haktan"]
[Black "Bagaturov, Giorgi"]
[Result "0-1"]
[ECO "B62"]
[WhiteElo "2047"]
[BlackElo "2397"]
[Annotator "ChessBase"]
[PlyCount "108"]
[EventDate "2018.06.25"]
[EventCountry "TUR"]
[SourceTitle "playchess.com"]
[Source "ChessBase"]
[SourceQuality "1"]
[TimeControl "5400+30"]

1. e4 c5 2. Nf3 Nc6 3. d4 cxd4 4. Nxd4 Nf6 5. Nc3 d6 6. Bg5 e6 7. g3 h6 8. Be3 e5 9. Nxc6 bxc6 10. Bg2 Ba6 11. Rb1 Be7 12. Ne2 O-O 13. O-O d5 14. exd5 cxd5 15. h3 d4 16. Bd2 Rb8 17. Re1 Bb7 18. Bxb7 Rxb7 19. Kh2 Qd5 20. Ng1 Bd6 21. c3 Qxa2 22. Qf3 Rb6 23. Ne2 Bb4 24. cxd4 exd4 25. Qd3 Bxd2 26. Qxd2 Rfb8 27. Qxd4 Rxb2 28. Rxb2 Rxb2 29. Qd8+ Kh7 30. Qd3+ g6 31. Kg1 Qe6 32. Qc3 Rxe2 33. Rxe2 Qxe2 34. Qxf6 Qe6 35. Qd4 a5 36. h4 h5 37. Qa4 Qe1+ 38. Kg2 Qb4 39. Qa2 Kg8 40. Qe2 a4 41. Qe8+ Kg7 42. Qe5+ Kh7 43. Qf6 Qb3 44. g4 hxg4 45. Qg5 Qf3+ 46. Kg1 Qf5 47. Qe3 Qd5 48. Qa7 Qd1+ 49. Kh2 Qf3 50. h5 gxh5 51. Qxa4 Qxf2+ 52. Kh1 Qf5 53. Qa2 g3 54. Qg2 Qb1+ 0-1

[Event "Marmaris Karya IM 2018"]
[Site "Marmaris"]
[Date "2018.06.29"]
[Round "10.1"]
[White "Darban, Morteza"]
[Black "Can, Isik"]
[Result "1/2-1/2"]
[ECO "C68"]
[WhiteElo "2312"]
[BlackElo "2396"]
[Annotator "NA"]
[PlyCount "28"]
[EventDate "2018.06.25"]
[EventCountry "TUR"]
[SourceTitle "playchess.com"]
[Source "ChessBase"]
[SourceQuality "1"]
[TimeControl "5400+30"]

1. e4 e5 2. Nf3 Nc6 3. Bb5 a6 4. Bxc6 dxc6 5. O-O Bg4 6. h3 h5 7. c3 Qd3 8. hxg4 hxg4 9. Nxe5 Bd6 10. Nxd3 Bh2+ 11. Kh1 Bg3+ 12. Kg1 Bh2+ 13. Kh1 Be5+ 14. Kg1 Bh2+ 1/2-1/2